Map: Automaton LE

Players

Khalmanac

  • Race: Terran Terran
  • League: Platinum
  • Spawn Location: 3:00

tbobaggins - Winner!

  • Race: Zerg Zerg
  • League: Platinum
  • Spawn Location: 9:00

VOD

Have the link to the VOD?

Description

we're bad

Time

  • Played on: Dec. 28, 2018, 1:13 a.m.
  • Length: 22:47
Show
View Real Time Build Order
Export as new Build Order

Khalmanac Terran 

Build Orders: Liberator Opening 

Get SALT Encoding   

  12  0:01  SCV  
  13  0:13  SCV  
  14  0:19  Supply Depot  
  14  0:25  SCV  
  15  0:40  SCV  
  15  0:41  Refinery  
  16  0:46  Barracks  
  16  0:54  SCV  
  17  1:07  SCV  
  18  1:24  SCV  
  19  1:28  Refinery  
  19  1:34  Marine  
  20  1:43  Factory  
  20  1:45  Orbital Command  
  20  2:02  Marine  
  20  2:07  Supply Depot  
  21  2:17  SCV  
  22  2:28  Factory Reactor  
  22  2:29  SCV  
  23  2:31  Marine, Supply Depot  
  24  2:41  SCV  
  25  2:53  SCV  
  25  2:58  Starport  
  26  3:04  Supply Depot  
  26  3:07  Hellion x2  
  30  3:22  Command Center  
  30  3:28  Liberator  
  30  3:29  Liberator  
  30  3:38  SCV  
  31  3:44  Supply Depot  
  37  3:53  Factory Tech Lab  
  37  3:54  SCV  
  38  4:08  Marine  
  39  4:12  SCV  
  40  4:37  Liberator  
  40  4:38  Liberator  
  40  4:55  Orbital Command  
  40  4:56  SCV  
  40  4:58  Siege Tank  
  50  5:08  SCV  
  51  5:20  SCV  
  44  5:58  Orbital Command  
  44  5:59  Siege Tank  
  47  6:04  Barracks  
  47  6:08  Engineering Bay x2, Barracks  
  47  6:09  Viking x2  
  48  6:19  Marine  
  48  6:23  Orbital Command  
  49  6:37  Marine  
  49  6:38  Missile Turret x2  
  49  6:39  Terran Infantry Weapons Level 1  
  50  6:40  Terran Infantry Armor Level 1  
  50  6:50  Viking x2  
  54  6:55  Barracks Tech Lab  
  54  7:00  Marine x2  
  55  7:17  Stimpack  
  55  7:18  Marine x2  
  55  7:21  Barracks Reactor  
  57  7:32  SCV x2  
  59  7:37  Marine  
  59  7:40  Barracks Reactor  
  61  7:44  SCV x2  
  61  7:45  Viking  
  61  7:49  Missile Turret  
  64  7:55  Marine  
  64  7:56  SCV, Viking  
  66  8:08  SCV x2  
  66  8:09  Marine x2  
  70  8:20  SCV x2, Marine  
  70  8:24  Supply Depot  
  73  8:27  Marine  
  73  8:31  Marine x3  
  73  8:32  SCV  
  78  8:46  SCV x2, Marine x2  
  78  8:47  Medivac x2  
  86  8:56  Marine  
  86  8:59  Supply Depot  
  87  9:03  Marine x4  
  91  9:15  Supply Depot  
  91  9:20  Marine  
  92  9:34  Marine x2  
  92  9:36  Marine x2, Combat Shield  
  92  9:38  Marine  
  97  9:39  Supply Depot  
  97  9:41  SCV, Supply Depot  
  98  10:00  Marine x2  
  100  10:09  Marine  
  100  10:10  Marine x2  
  86  10:22  Marine x2  
  77  10:31  Marine x2  
  77  10:33  Marine  
  78  10:36  Medivac x2  
  78  10:40  Marine x2  
  84  10:45  Refinery  
  84  10:46  Refinery  
  84  10:47  Siege Tank  
  84  10:49  Marine x2  
  89  10:51  Marine  
  89  10:53  Armory  
  90  10:58  Marine x2  
  92  11:11  Marine  
  92  11:12  Marine  
  95  11:19  Siege Tank  
  95  11:23  Marauder  
  99  11:33  Supply Depot  
  99  11:45  Marine  
  99  11:46  Marine x4, Missile Turret  
  102  11:56  Supply Depot  
  102  12:03  Marine x2  
  102  12:04  Marine x3  
  107  12:11  Terran Infantry Weapons Level 2  
  107  12:14  Barracks  
  107  12:18  Barracks  
  107  12:21  Marine x3  
  107  12:22  Marine  
  105  12:57  Marine x2  
  105  12:58  Marine x3  
  108  13:08  Concussive Shells  
  108  13:09  Siege Tank  
  111  13:15  Marine x3  
  111  13:16  Marine x2  
  107  13:33  Marine x4  
  107  13:34  Marine  
  108  13:41  Siege Tank  
  108  13:46  Supply Depot  
  108  13:47  Supply Depot  
  109  13:51  Marine x5  
  109  13:54  Command Center  
  114  14:09  Marine x5  
  107  14:26  Marine  
  107  14:27  Marine x4  
  107  14:28  Barracks Reactor  
  112  14:33  Siege Tank  
  112  14:35  Barracks Reactor  
  115  14:44  Marine x3  
  115  14:45  Marine x2  
  109  15:02  Marine x4  
  109  15:03  Marine  
  109  15:05  Marine x2  
  116  15:20  Marine  
  116  15:26  Marine  
  116  15:27  Marine x4  
  116  15:28  Marine x2, Marauder  
  99  15:38  Marine  
  93  15:44  Marine x2  
  93  15:45  Marine x3  
  93  15:47  Marine x2  
  99  15:50  Marauder  
  99  15:55  Marine  
  93  16:02  Marine  
  92  16:05  Marine x2  
  92  16:06  Marine  
  92  16:09  Bunker  
  94  16:11  Marauder  
  94  16:19  Orbital Command  
  94  16:21  SCV  
  94  16:32  Marine x5  
  97  16:33  Marine  
  97  16:38  Orbital Command  
  100  17:02  SCV x2  
  100  17:04  Marine x3  
  100  17:05  Marine, Refinery  
  100  17:06  Marine x4, Marauder  
  112  17:12  Supply Depot x2  
  112  17:21  SCV  
  112  17:22  SCV x2, Marine  
  116  17:27  Marauder  
  118  17:32  Marine  
  118  17:33  SCV, Marine  
  121  17:37  SCV  
  121  17:38  SCV  
  121  17:43  Sensor Tower  
  123  17:46  SCV  
  123  17:48  Marauder  
  123  17:50  SCV x2  
  128  17:58  SCV  
  129  18:10  Marauder  
  129  18:11  Marine x2  
  129  18:12  Marauder  
  135  18:15  Marine x3  
  135  18:16  Marine  
  135  18:18  SCV  
  140  18:31  Marauder  
  140  18:32  Marine x3  
  140  18:33  Marine x2  
  140  18:34  Marauder  
  148  18:43  Marine  
  148  18:44  Terran Infantry Armor Level 2  
  149  18:50  Engineering Bay, Marine x2  
  149  18:52  Marauder  
  149  18:55  Marauder  
  155  19:01  Supply Depot  
  155  19:02  Command Center  
  155  19:03  Marine, Supply Depot  
  155  19:04  Marine x2  
  155  19:05  Marine  
  159  19:14  Marauder  
  159  19:16  Marauder  
  161  19:25  Supply Depot  
  161  19:35  Marauder  
  161  19:38  Marauder  
  135  19:41  Marine x4  
  135  19:42  Marine  
  101  19:53  Marine  
  101  19:56  SCV x2  
  101  19:57  Marauder  
  101  19:58  Refinery  
  101  19:59  Marine x4, Marauder  
  111  20:00  Refinery  
  111  20:11  Marine x2  
  113  20:18  Marauder  
  113  20:21  Marauder  
  117  20:26  Marine x2  
  117  20:27  Marine x2  
  120  20:29  Marine x2  
  117  20:39  Marauder  
  117  20:42  Marauder  
  105  20:44  Marine x2  
  105  20:45  Marine x2  
  105  20:47  Marine x2  
  108  21:01  Marauder  
  108  21:02  Marine x2  
  108  21:03  Marine, Marauder  
  100  21:09  Marine  
  100  21:10  Marine x2  
  64  21:19  Marine  
  64  21:20  Marine x2  
  64  21:22  Marauder  
  64  21:25  Marauder  
  65  21:27  Marine x2  
  65  21:28  Marine  
  55  21:38  Marine  
  55  21:44  Marauder  
  55  21:45  Marine x2  
  55  21:46  Marauder  
  40  21:54  Marine  
  40  21:56  Marine  
  32  22:03  Marine x2  
  32  22:05  Marauder  
  32  22:07  Marauder  
  31  22:12  Marine  
  31  22:14  Marine  
  29  22:21  Marine x2  
Show
View Real Time Build Order
Export as new Build Order

tbobaggins Zerg - Winner!

Build Orders: Hatch First 

Get SALT Encoding   

  12  0:01  Drone  
  13  0:14  Overlord  
  13  0:18  Drone  
  14  0:32  Drone x2  
  16  0:36  Drone  
  17  0:56  Hatchery  
  16  0:59  Drone  
  16  1:02  Drone  
  18  1:13  Extractor  
  17  1:18  Spawning Pool  
  17  1:22  Drone  
  17  1:26  Drone  
  17  1:31  Drone  
  19  1:49  Overlord  
  18  2:04  Drone  
  18  2:05  Drone  
  18  2:08  Queen  
  22  2:09  Queen  
  22  2:12  Drone  
  25  2:35  Hatchery  
  24  2:42  Drone x2  
  24  2:43  Extractor  
  25  2:45  Drone  
  26  2:55  Queen  
  28  3:06  Lair  
  28  3:10  Drone  
  30  3:12  Drone  
  30  3:18  Drone  
  31  3:20  Drone  
  31  3:25  Overlord  
  32  3:35  Drone x2  
  32  3:36  Drone  
  32  3:38  Extractor  
  32  3:40  Drone  
  35  3:42  Drone  
  36  3:50  Evolution Chamber  
  36  3:52  Evolution Chamber  
  34  4:00  Evolution Chamber  
  33  4:11  Spire  
  33  4:13  Drone x2  
  33  4:15  Drone  
  35  4:19  Drone  
  35  4:22  Drone  
  37  4:35  Queen  
  38  4:49  Overlord x3  
  38  5:05  Roach Warren  
  33  5:25  Spore Crawler  
  33  5:26  Mutalisk x2  
  33  5:27  Mutalisk x2  
  38  5:41  Drone x2  
  38  5:42  Drone  
  39  6:09  Mutalisk x2  
  39  6:11  Mutalisk  
  45  6:26  Drone x2  
  45  6:27  Drone x3  
  45  6:31  Drone x2  
  52  6:36  Spore Crawler  
  51  6:52  Drone  
  51  6:53  Drone x5  
  57  7:20  Extractor  
  56  7:23  Zerg Flyer Weapons Level 1  
  56  7:34  Drone  
  56  7:35  Drone x17  
  74  7:44  Zerg Melee Weapons Level 1  
  74  7:46  Zerg Ground Armor Level 1  
  74  7:50  Metabolic Boost  
  74  8:15  Infestation Pit  
  73  8:24  Extractor  
  73  8:25  Extractor  
  73  8:26  Spore Crawler  
  70  8:31  Baneling Nest  
  69  8:36  Drone  
  69  8:37  Drone x4  
  69  8:39  Overlord x3  
  69  8:40  Overlord x5  
  74  8:57  Queen  
  76  9:07  Zergling x12  
  76  9:08  Zergling x2  
  83  9:17  Zergling x2  
  83  9:18  Zergling x8  
  86  9:27  Spore Crawler  
  85  9:36  Spore Crawler  
  84  9:39  Spore Crawler  
  84  9:40  Spore Crawler  
  84  9:41  Spore Crawler, Corruptor  
  84  9:42  Corruptor x9  
  101  9:46  Baneling x4  
  101  9:47  Baneling x2  
  101  9:50  Overseer  
  101  9:56  Zergling x8  
  82  10:26  Corruptor x5  
  90  10:37  Drone x2  
  90  10:38  Drone x4  
  96  10:55  Hatchery  
  96  10:56  Hive  
  95  10:58  Drone x3  
  95  10:59  Drone x2  
  100  11:09  Zerg Melee Weapons Level 2  
  100  11:10  Zerg Ground Armor Level 2  
  100  11:24  Overlord x2  
  100  11:25  Drone x6  
  97  11:44  Zergling x2  
  97  11:45  Zergling x14  
  103  12:02  Zergling x8  
  107  12:09  Baneling x5  
  107  12:10  Centrifical Hooks  
  107  12:12  Adrenal Glands  
  107  12:17  Zergling x12  
  97  12:42  Zergling x2  
  97  12:43  Zergling x18  
  74  13:00  Zergling x12  
  74  13:03  Baneling x3  
  74  13:04  Baneling x2  
  69  13:08  Zergling x2  
  69  13:09  Zergling x4  
  72  13:16  Ultralisk Cavern  
  72  13:17  Hatchery  
  60  13:22  Zergling x6  
  60  13:26  Zergling x4  
  61  13:29  Baneling  
  61  13:30  Baneling x3  
  54  13:36  Zergling x2  
  55  13:44  Zergling x2  
  55  13:45  Zergling x2  
  56  13:52  Hatchery  
  56  13:55  Zergling x4  
  57  14:05  Zergling x2  
  57  14:06  Zergling x2  
  59  14:10  Chitinous Plating  
  59  14:13  Zergling x2  
  59  14:14  Zergling x2  
  59  14:32  Zergling x10  
  59  14:33  Zergling x4  
  66  14:45  Ultralisk x3  
  58  15:30  Zergling x24  
  58  15:31  Zergling x8  
  62  16:03  Drone x11  
  64  16:28  Viper x3  
  64  16:31  Zergling x2  
  64  16:32  Zergling x16  
  82  16:38  Baneling  
  82  16:39  Baneling x2  
  82  16:40  Evolution Chamber, Baneling x3  
  82  16:41  Evolution Chamber  
  80  16:53  Anabolic Synthesis  
  80  16:57  Zergling x14  
  80  16:58  Zergling x8  
  80  17:01  Hatchery  
  90  17:23  Extractor  
  90  17:26  Ultralisk x4  
  113  17:33  Queen  
  113  17:34  Queen  
  117  17:52  Drone x9  
  126  18:02  Extractor  
  126  18:04  Extractor  
  124  18:16  Spore Crawler  
  124  18:19  Zerg Ground Armor Level 3, Zerg Melee Weapons Level 3  
  123  18:26  Drone x6  
  129  18:47  Drone x4  
  133  19:00  Overlord x3  
  133  19:09  Hatchery  
  109  19:41  Zergling x2  
  109  19:42  Zergling x48  
  109  19:43  Zergling x6  
  123  19:57  Hatchery  
  122  20:19  Hatchery  
  121  20:27  Zergling x4  
  114  20:46  Zergling x6  
  101  21:07  Zergling x6  
  93  21:18  Zergling x2  
  91  21:19  Zergling x2  
  89  21:27  Zergling x6  
  90  21:45  Zergling x2  
  90  21:46  Zergling x10  
  94  21:56  Zergling x10  
  92  22:12  Zergling x14  
Tags
 
Add a new tag
Caveats
  • Supply blocks, unpowered buildings, or Contaminate may cause inaccurate times.
  • Supply counts are checked every 10 seconds.